 Dungeon Crawl Stone Soup version 0.26.1-11-gd32895ea62 (webtiles) character file.

Game seed: 3101416502458605821

485 Zeld the Slasher (level 7, -2/50 HPs)
             Began as a Human Gladiator on June 5, 2021.
             Slain by a worker ant (5 damage)
             ... on level 4 of the Dungeon.
             The game lasted 00:04:03 (4072 turns).

Zeld the Slasher (Human Gladiator)                  Turns: 4072, Time: 00:04:04

Health: -2/50      AC:  7    Str: 16    XL:     7   Next: 35%
Magic:  7/7        EV:  5    Int: 11    God:
Gold:   272        SH:  0    Dex: 14    Spells: 6/6 levels left

rFire    . . .     SeeInvis .   a - +0 long sword
rCold    . . .     Faith    .   (no shield)
rNeg     . . .     Spirit   .   u - +0 plate armour
rPois    +         Reflect  .   c - +0 helmet
rElec    +         Harm     .   (no cloak)
rCorr    .         Rampage  .   (no gloves)
Will     .....                  p - +0 pair of boots
Stlth    ..........             (no amulet)
HPRegen  0.16/turn              (no ring)
MPRegen  0.10/turn              (no ring)

@: lethally poisoned (-2 -> -6)
A: clever 1, deformed body, poison resistance, electricity resistance
a: no special abilities


You were on level 4 of the Dungeon.
You visited 1 branch of the dungeon, and saw 4 of its levels.

You collected 272 gold pieces.

Inventory:

Hand Weapons
 a - a +0 long sword (weapon)
Missiles
 j - 40 poisoned darts (quivered)
 q - 4 boomerangs
Armour
 c - a +0 helmet (worn)
 p - a +0 pair of boots (worn)
 u - a +0 plate armour (worn)
Jewellery
 f - a +6 ring of strength {unknown}
 n - a cursed ring of attention {unknown}
Wands
 b - a wand of iceblast (6)
Scrolls
 e - 6 scrolls of identify {unknown}
 g - 8 scrolls of remove curse {unknown}
 l - a scroll of noise {unknown}
 r - a scroll of enchant armour {unknown}
 t - a scroll of amnesia {unknown}
Potions
 i - a potion of might {unknown}
 k - a potion of flight {unknown}
 m - a potion of degeneration {unknown}
 o - a potion of haste {unknown}
 s - a potion of berserk rage {unknown}


   Skills:
 - Level 2.0 Fighting
 * Level 7.9 Long Blades
 - Level 2.0 Throwing
 - Level 3.0 Dodging


You had 6 spell levels left.
You didn't know any spells.
Your spell library was empty.

Dungeon Overview and Level Annotations

Branches:
Dungeon (4/15)
 Temple: D:4-7

Altars:
Yredelemnul


Innate Abilities, Weirdness & Mutations

Your mind is acute. (Int +2)
Armour fits poorly on your strangely shaped body.
Your system is resistant to poisons. (rPois)
You are resistant to electric shocks. (rElec)


Message History

Your plate armour prevents you from hitting the worker ant.
The worker ant barely misses you.
You riposte.
You closely miss the worker ant. You barely miss the worker ant.
You feel sick. The worker ant bites you.
* * * LOW HITPOINT WARNING * * *
It was a potion of mutation.
You feel extremely strange.
You feel agile.
Your body twists and deforms.
You feel resistant to poisons.
You begin to radiate repulsive energy.
You feel sick. The worker ant bites you.
* * * LOW HITPOINT WARNING * * *
Really quaff the potion of mutation?
You feel extremely strange.
You feel less repulsive.
You feel clumsy.
You feel clever.
You feel insulated.
The worker ant waves its antennae.
The worker ant bites you but does no damage.
Unknown command.
* * * LOW HITPOINT WARNING * * *
You feel sick.
The worker ant bites you but does no damage.
The worker ant bites you.
You die...

...................##
............<.......#
......##..##.......##
(....##..##......?#
...[.....#.#.....#
#.)........#.##
#.)........###
...#..B).....##
#......@.....#
#.......##....#
.....#(..###...##
...>.#..## #####
.......## .....#.#
.....#. ..


You could see a worker ant.

Vanquished Creatures
  A human (D:2)
  Menkaure (D:4)
  A scorpion (D:4)
  2 orc wizards
  5 adders
  An ooze (D:3)
  3 worms
  A leopard gecko (D:3)
  5 orcs
  A ball python (D:2)
  5 bats
  A giant cockroach (D:3)
  9 goblins
  6 hobgoblins
  9 jackals
  5 kobolds
  A quokka (D:4)
  6 frilled lizards
  A jackal skeleton (D:2)
  7 rats
71 creatures vanquished.

Notes
Turn   | Place    | Note
-------+----------+-------------------------------------------
     0 | D:1      | Zeld the Human Gladiator began the quest for the Orb.
     0 | D:1      | Reached XP level 1. HP: 16/16 MP: 1/1
   630 | D:1      | Reached XP level 2. HP: 22/22 MP: 2/2
   982 | D:1      | Reached skill level 4 in Long Blades
   982 | D:1      | Reached XP level 3. HP: 27/27 MP: 3/3
  1532 | D:2      | Found a runed translucent door.
  1532 | D:2      | Noticed a human
  1533 | D:2      | Found a basalt altar of Yredelemnul.
  1919 | D:2      | Reached XP level 4. HP: 22/33 MP: 4/4
  1951 | D:2      | Killed a human
  1952 | D:2      | Reached skill level 6 in Long Blades
  1952 | D:2      | Reached XP level 5. HP: 13/38 MP: 5/5
  2175 | D:2      | Reached XP level 6. HP: 44/44 MP: 6/6
  3548 | D:4      | Reached skill level 7 in Long Blades
  3550 | D:4      | Noticed Menkaure
  3809 | D:4      | Killed Menkaure
  3810 | D:4      | Reached XP level 7. HP: 27/50 MP: 7/7
  4070 | D:4      | Gained mutation: You are agile. (Dex +2) [potion of
                  | mutation]
  4070 | D:4      | Gained mutation: Armour fits poorly on your strangely
                  | shaped body. [potion of mutation]
  4070 | D:4      | Gained mutation: Your system is resistant to poisons.
                  | (rPois) [potion of mutation]
  4070 | D:4      | Gained mutation: You are surrounded by a mild repulsion
                  | field. (EV +2) [potion of mutation]
  4071 | D:4      | Lost mutation: You are surrounded by a mild repulsion
                  | field. (EV +2) [potion of mutation]
  4071 | D:4      | Lost mutation: You are agile. (Dex +2) [potion of mutation]
  4071 | D:4      | Gained mutation: Your mind is acute. (Int +2) [potion of
                  | mutation]
  4071 | D:4      | Gained mutation: You are resistant to electric shocks.
                  | (rElec) [potion of mutation]
  4072 | D:4      | Slain by a worker ant

Illustrated notes

Levels and vault maps discovered:
D:1:      ncdulo_wetmaze, layout_loops_corners, minmay_misc_feat_pillars
D:2:      minmay_spotlight, layout_basic, dk_yredelemnul_ordeal
D:3:      layout_loops_ring
D:4:      layout_cave_pools, gammafunk_temple_overflow_pools,
          nicolae_ru_great_annihilating_truth,
          minmay_temple_entry_statues_fountains, biasface_ghost_orc_armoury,
          uniq_menkaure

Skill      XL: |  1  2  3  4  5  6 |
---------------+-------------------+-----
Long Blades    | 4 6 7 |  7.9
Fighting       | |  2.0
Throwing       | |  2.0
Dodging        | |  3.0

Action                   |  1- 3 |  4- 6 |  7- 9 || total
-------------------------+-------+-------+-------++-------
Melee: Long sword        |    85 |   110 |    41 ||   236
Throw: Dart              |       |     4 |       ||     4
       Throwing net      |       |     4 |     1 ||     5
  Use: Potion            |       |       |     2 ||     2
 Stab: Held in net/web   |       |     2 |       ||     2
       Sleeping          |       |     1 |       ||     1
Armor: Leather armour    |    30 |    11 |       ||    41
       Plate armour      |       |    28 |    35 ||    63
Dodge: Dodged            |    72 |    47 |    19 ||   138
       Rpst.: Long sword |    19 |    19 |     6 ||    44
